Map: Ever Dream LE

Players

Astrea - Winner!

  • Race: Protoss Protoss
  • League: Master
  • Spawn Location: 1:00

Neeb

  • Race: Protoss Protoss
  • League: Master
  • Spawn Location: 7:00

Event: DreamHack SC2 Masters 2020 Fall

VOD

Have the link to the VOD?

Description

Time

  • Played on: Sept. 12, 2020, 5:48 p.m.
  • Length: 10:53

All games in this series

Show
View Real Time Build Order
Export as new Build Order

Astrea Protoss - Winner!

Build Orders: Blink Stalkers 

Get SALT Encoding   

  12  0:00  Probe  
  13  0:12  Probe  
  14  0:17  Pylon  
  14  0:24  Probe (Chrono Boost)  
  15  0:36  Gateway, Probe (Chrono Boost)  
  16  0:44  Probe (Chrono Boost)  
  16  0:45  Assimilator  
  17  0:51  Probe  
  17  0:54  Assimilator  
  18  1:03  Probe (Chrono Boost)  
  19  1:06  Gateway  
  20  1:12  Probe (Chrono Boost)  
  20  1:17  Probe (Chrono Boost)  
  20  1:23  Cybernetics Core  
  21  1:29  Probe  
  22  1:33  Pylon  
  22  1:41  Probe  
  23  1:53  Probe  
  24  1:57  Warp Gate (Chrono Boost)  
  24  1:59  Adept x2  
  28  2:05  Probe  
  28  2:08  Pylon  
  29  2:29  Sentry  
  33  2:30  Sentry  
  33  2:42  Nexus  
  34  2:44  Probe  
  34  2:48  Pylon  
  34  2:56  Sentry  
  34  2:57  Sentry  
  38  3:02  Probe  
  39  3:08  Shield Battery  
  39  3:14  Probe (Chrono Boost)  
  39  3:19  Twilight Council  
  40  3:26  Probe (Chrono Boost)  
  41  3:35  Probe (Chrono Boost)  
  41  3:40  Probe  
  42  3:47  Stalker x2  
  47  3:55  Probe (Chrono Boost)  
  49  3:57  Blink (Chrono Boost)  
  49  3:59  Probe (Chrono Boost)  
  49  4:04  Probe (Chrono Boost)  
  49  4:08  Pylon, Probe (Chrono Boost)  
  49  4:09  Probe (Chrono Boost)  
  52  4:18  Probe  
  52  4:19  Pylon  
  52  4:21  Probe  
  54  4:31  Nexus  
  54  4:33  Probe  
  54  4:35  Probe  
  56  4:45  Probe  
  57  4:47  Probe  
  57  4:48  Forge  
  57  4:52  Gateway  
  58  4:56  Assimilator  
  58  4:57  Probe  
  58  4:59  Probe  
  60  5:09  Robotics Facility, Probe  
  60  5:11  Probe  
  62  5:16  Protoss Ground Weapons Level 1 (Chrono Boost)  
  62  5:20  Stalker x2  
  64  5:21  Probe  
  64  5:24  Probe  
  66  5:32  Shield Battery  
  66  5:33  Probe  
  67  5:36  Pylon, Probe  
  68  5:45  Probe  
  68  5:47  Stalker x3  
  68  5:48  Probe  
  76  5:52  Probe  
  77  5:57  Probe  
  77  5:58  Immortal (Chrono Boost)  
  77  6:00  Probe  
  83  6:04  Probe  
  83  6:09  Pylon  
  83  6:10  Probe  
  85  6:12  Probe  
  85  6:15  Stalker x3  
  85  6:18  Probe, Pylon  
  93  6:27  Probe x2, Pylon  
  93  6:31  Probe  
  96  6:35  Assimilator, Observer (Chrono Boost)  
  96  6:38  Stalker  
  96  6:39  Stalker x2, Probe x2  
  105  6:43  Pylon, Probe  
  104  6:48  Immortal  
  104  6:50  Assimilator  
  104  6:51  Probe x2  
  104  6:52  Assimilator  
  110  6:56  Pylon  
  110  6:58  Protoss Ground Weapons Level 2 (Chrono Boost)  
  110  6:59  Probe  
  111  7:03  Probe  
  111  7:14  Stalker x3  
  117  7:23  Gateway  
  117  7:24  Gateway  
  117  7:25  Dark Shrine  
  117  7:28  Gateway  
  117  7:30  Immortal (Chrono Boost)  
  117  7:36  Pylon  
  119  7:39  Shield Battery  
  118  7:44  Stalker x3  
  120  7:59  Charge  
  120  8:00  Pylon  
  120  8:01  Observer (Chrono Boost)  
  120  8:04  Pylon  
  121  8:06  Photon Cannon  
  121  8:07  Photon Cannon  
  121  8:09  Photon Cannon  
  121  8:12  Nexus  
  121  8:15  Stalker  
  121  8:16  Stalker x2  
  121  8:19  Pylon  
  127  8:21  Observer (Chrono Boost)  
  128  8:31  Stalker x2  
  132  8:35  Warp Prism (Chrono Boost), Shadow Stride (Chrono Boost)  
  132  8:38  Pylon  
  134  8:41  Probe  
  134  8:46  Probe x2  
  137  8:50  Stalker x3  
  137  8:53  Zealot  
  137  8:55  Stalker  
  145  8:57  Probe  
  131  9:13  Dark Templar  
  131  9:14  Dark Templar x4  
  133  9:23  Probe x3  
  132  9:31  Stalker  
  132  9:34  Probe  
  132  9:35  Probe  
  136  9:43  Probe x2  
  136  9:44  Shield Battery, Photon Cannon  
  138  9:48  Dark Templar x3  
  138  9:51  Stalker x2  
  148  9:53  Probe  
  148  9:54  Probe  
  148  9:55  Probe  
  151  10:01  Probe  
  151  10:03  Assimilator  
  151  10:04  Assimilator  
  151  10:06  Probe  
  149  10:23  Stalker x6  
  161  10:29  Probe  
  161  10:31  Probe  
  159  10:36  Probe  
  159  10:39  Probe  
  161  10:43  Gateway  
  161  10:44  Gateway x2  
  161  10:46  Gateway  
  161  10:48  Stalker  
  161  10:49  Stalker x5  
Show
View Real Time Build Order
Export as new Build Order

Neeb Protoss 

Build Orders:  

Get SALT Encoding   

  12  0:00  Probe  
  13  0:12  Probe  
  14  0:16  Pylon  
  14  0:24  Probe (Chrono Boost)  
  15  0:36  Probe (Chrono Boost)  
  15  0:37  Gateway  
  16  0:44  Probe (Chrono Boost)  
  16  0:46  Assimilator  
  17  0:51  Probe  
  17  0:54  Assimilator  
  18  1:03  Probe (Chrono Boost)  
  19  1:08  Gateway  
  19  1:14  Probe (Chrono Boost)  
  20  1:18  Probe (Chrono Boost)  
  20  1:24  Cybernetics Core  
  21  1:29  Probe  
  22  1:35  Pylon  
  22  1:41  Probe  
  23  2:00  Stalker x2  
  23  2:01  Warp Gate  
  27  2:06  Pylon  
  27  2:07  Probe  
  28  2:31  Sentry x2  
  28  2:33  Probe  
  33  2:50  Nexus  
  33  2:52  Shield Battery  
  33  2:56  Probe  
  34  3:01  Pylon  
  34  3:08  Probe  
  35  3:20  Probe  
  35  3:25  Twilight Council  
  35  3:26  Shield Battery  
  35  3:33  Probe  
  36  3:45  Probe (Chrono Boost)  
  37  3:49  Stalker x2  
  41  3:57  Probe (Chrono Boost)  
  41  4:00  Forge  
  42  4:05  Blink, Probe (Chrono Boost)  
  42  4:06  Probe (Chrono Boost)  
  44  4:12  Sentry, Probe (Chrono Boost)  
  44  4:15  Probe (Chrono Boost)  
  48  4:21  Probe (Chrono Boost)  
  50  4:25  Probe (Chrono Boost)  
  50  4:31  Protoss Ground Weapons Level 1 (Chrono Boost), Probe (Chrono Boost)  
  51  4:32  Probe (Chrono Boost)  
  52  4:39  Probe  
  52  4:40  Assimilator  
  52  4:41  Pylon x2, Probe  
  54  4:49  Robotics Facility  
  54  4:51  Probe  
  55  4:55  Probe  
  56  5:10  Probe  
  56  5:11  Nexus, Pylon  
  57  5:17  Stalker x2  
  57  5:19  Probe  
  62  5:22  Probe  
  63  5:29  Gateway  
  63  5:30  Gateway  
  63  5:32  Probe  
  63  5:34  Probe  
  66  5:43  Observer (Chrono Boost)  
  66  5:47  Gateway, Probe  
  66  5:49  Sentry  
  69  5:50  Gateway, Stalker  
  69  5:53  Probe  
  72  6:00  Warp Prism (Chrono Boost)  
  74  6:05  Probe  
  75  6:12  Shield Battery  
  75  6:16  Stalker x2  
  75  6:17  Probe  
  80  6:22  Protoss Ground Weapons Level 2 (Chrono Boost)  
  80  6:23  Probe  
  81  6:27  Stalker x2  
  81  6:29  Probe  
  81  6:30  Probe  
  87  6:39  Stalker, Pylon  
  89  6:44  Stalker  
  89  6:45  Stalker  
  93  6:49  Probe x2  
  93  6:50  Probe  
  96  6:56  Pylon x2  
  96  7:03  Stalker x3  
  96  7:04  Stalker  
  104  7:13  Stalker  
  104  7:14  Stalker  
  104  7:15  Probe x3  
  111  7:21  Pylon  
  111  7:36  Stalker  
  111  7:37  Stalker x3  
  113  7:42  Stalker  
  109  7:46  Assimilator x2, Probe x3  
  109  7:50  Pylon  
  112  7:58  Probe  
  112  8:00  Charge  
  112  8:01  Gateway  
  112  8:02  Gateway  
  112  8:04  Pylon  
  113  8:08  Stalker x2  
  113  8:12  Pylon  
  117  8:13  Pylon  
  117  8:14  Pylon  
  117  8:15  Pylon  
  117  8:18  Stalker x2  
  121  8:20  Stalker  
  121  8:21  Zealot  
  121  8:23  Pylon  
  125  8:35  Pylon, Photon Cannon  
  125  8:36  Pylon  
  125  8:37  Photon Cannon  
  123  8:45  Zealot x5  
  123  8:48  Templar Archives  
  133  8:50  Pylon  
  133  8:51  Zealot  
  128  9:03  Stalker x2  
  128  9:09  Stalker x5  
  130  9:19  Robotics Bay  
  130  9:24  Robotics Facility  
  130  9:25  Pylon  
  130  9:26  Assimilator  
  128  9:32  Zealot x4  
  128  9:35  Observer (Chrono Boost)  
  137  9:43  Nexus  
  137  9:55  Photon Cannon  
  137  9:57  Observer (Chrono Boost)  
  137  9:58  Pylon  
  138  10:07  Shield Battery  
  138  10:08  Probe  
  138  10:09  Probe x2  
  138  10:11  Photon Cannon  
  139  10:15  Unknown  
  139  10:18  Zealot x4  
  139  10:19  Zealot, Observer  
  147  10:28  Zealot x3  
  144  10:36  Probe  
  144  10:37  Probe  
  128  10:43  Zealot x2  
  128  10:44  Zealot  

Tags
 
Add a new tag
Caveats
  • Supply blocks, unpowered buildings, or Contaminate may cause inaccurate times.
  • Supply counts are checked every 10 seconds.